 Dungeon Crawl Stone Soup version 0.27-a0-1565-gad902ab807 (webtiles) character file.

Game seed: 11203267874914653988

4950 mordus the Thaumaturge (level 10, -3/75 HPs)
             Began as a Djinni Conjurer on July 15, 2021.
             Was an Initiate of Gozag.
             Shot with a sling bullet by Joseph (11 damage)
             ... on level 8 of the Dungeon on July 16, 2021.
             The game lasted 00:34:55 (11225 turns).

mordus the Thaumaturge (Djinni Conjurer)           Turns: 11225, Time: 00:34:56

Health: -3/75      AC:  4    Str: 12    XL:     10   Next: 82%
Gold:   664        EV: 15    Int: 24    God:    Gozag SH:  0 Dex: 11

rFire    + + .     SeeInvis .   (no weapon)
rCold    x . .     Faith    .   (no shield)
rNeg     . . .     Spirit   .   a - +0 robe
rPois    ∞         Reflect  .   d - +1 helmet
rElec    .         Harm     .   (no cloak)
rCorr    .         Rampage  .   (no gloves)
Will     +....                  (boots unavailable)
Stlth    ++........             (no amulet)
HPRegen  0.22/turn              l - +6 ring of strength
MPRegen  0.00/turn              y - ring of wizardry

@: flying
A: sickness immunity, fire resistance 2, cold vulnerability 1, float, innate
caster, hp casting, extra vitality 1
a: Renounce Religion, Potion Petition, Call Merchant, Bribe Branch


You were on level 8 of the Dungeon.
You worshipped Gozag.
Gozag was pleased with you.
You visited 1 branch of the dungeon, and saw 8 of its levels.
You also visited: Ossuary.

You collected 721 gold pieces.
You paid 57 gold pieces to Gozag.

Inventory:

Missiles
 g - 7 atropa-tipped darts
Armour
 a - a +0 robe (worn)
 d - a +1 helmet (worn)
Jewellery
 l - a +6 ring of strength (left hand)
 n - a ring of flight
 y - a ring of wizardry (right hand)
Wands
 p - a wand of iceblast (12)
Scrolls
 b - 3 scrolls of magic mapping
 e - 3 scrolls of amnesia
 i - a scroll of enchant armour
 m - 4 scrolls of identify
 q - a scroll of acquirement {unknown}
 x - a scroll of noise {unknown}
 z - a scroll of torment {unknown}
Potions
 c - a potion of invisibility {unknown}
 f - a potion of resistance {unknown}
 h - 4 potions of heal wounds {unknown}
 j - 6 potions of curing
 k - a potion of haste {unknown}
 o - 2 potions of degeneration {unknown}
 r - a potion of brilliance {unknown}
 s - a potion of might {unknown}
 t - 2 potions of lignification {unknown}
 u - a potion of berserk rage {unknown}
 v - a potion of attraction {unknown}
 w - 2 potions of flight {unknown}


   Skills:
 + Level 7.5 Fighting
 + Level 8.6 Dodging
 - Level 1.5 Stealth
 * Level 9.0 Spellcasting


You had 5 spell levels left.
You knew the following spells:

 Your Spells              Type           Power      Damage    Failure   Level
a - Magic Dart            Conj           100%       1d8       1%          1
b - Searing Ray           Conj           100%       3d7       1%          2
c - Dazzling Flash        Conj/Hex       100%       N/A       1%          3
d - Fulminant Prism       Conj/Hex       26%        3d14      1%          4
e - Iskenderun's Mystic   Conj/Tloc      53%        2d11      1%          4
f - Beastly Appendage     Tmut           100%       N/A       1%          1
g - Blink                 Tloc           N/A        N/A       1%          2
h - Static Discharge      Conj/Air       53%        N/A       1%          2
i - Vampiric Draining     Necr           26%        2d9       1%          3
Your spell library was empty.

Dungeon Overview and Level Annotations

Branches:
Dungeon (8/15)             Temple (0/1) D:6         Ossuary (visited)
   Lair: D:8-11

Altars:
Ashenzari
Cheibriados
Gozag
Nemelex Xobeh
Okawaru
Ru
Uskayaw
Xom
Yredelemnul
Zin

Annotations:
D:4 2 transporters, 1 runed translucent door, jejorda2's ghost, amateur MfBe
D:8 1 runed translucent door, Joseph; hatdisgam's ghost, novice VSFi


Innate Abilities, Weirdness & Mutations

You are immune to sickness and miasma.
You are immune to poison.
Your flesh is very heat resistant. (rF++)
You are vulnerable to cold. (rC-)
You float through the air rather than walking.
You learn spells naturally, not from books.
Your magical power is your life essence.
You have superior vitality. (+4 HP)


Message History

Found a leather armour.
You see here a +0 leather armour.
Found a scroll labelled TUIDAZ VESI.
z - a scroll labelled TUIDAZ VESI Joseph is nearby!
Casting: Searing Ray (safe; 1% risk of failure)
Confirm with . or Enter, or press ? or * to list all spells.
Aiming: Fulminant Prism (mildly dangerous; 1% risk of failure)
Press: ? - help, Dir - move target You conjure a prism of explosive energy!
A fulminant prism comes into view.
Joseph unwields a +0 quarterstaff.
Joseph wields a +0 hunting sling.
Joseph shoots a sling bullet.
The sling bullet hits you!
Casting: Fulminant Prism (mildly dangerous; 1% risk of failure)
Confirm with . or Enter, or press ? or * to list all spells.
Aiming: Magic Dart (safe; 1% risk of failure)
Press: ? - help, Shift-Dir - straight line, f - Joseph
Aim: Joseph, wielding a +0 hunting sling, wearing a +0 ring mail and quivering sling bullets (ally target, 100% to hit)
Okay, then.
Joseph shoots a sling bullet.
The sling bullet hits you!!
You hear a loud crackle.
You hear an explosion!
Joseph shoots a sling bullet.
The sling bullet hits you!
* * * LOW HITPOINT WARNING * * *
Joseph says, "I'm here to kill trespassers.
I like my job."
Joseph shoots a sling bullet.
The sling bullet misses you.
Joseph shoots a sling bullet.
The sling bullet hits you!!
* * * LOW HITPOINT WARNING * * *
Unknown command.
Casting: Magic Dart (safe; 1% risk of failure)
Confirm with . or Enter, or press ? or * to list all spells.
Okay, then.
You feel better.
Joseph shoots a sling bullet.
The sling bullet hits you!
* * * LOW HITPOINT WARNING * * *
Joseph shoots a sling bullet.
The sling bullet misses you.
Joseph shoots a sling bullet.
The sling bullet barely misses you.
Joseph shoots a sling bullet.
The sling bullet hits you!
You die...
Your body crumbles into a pile of gold.

..
........................>.#
##
#####........@####........#
#.#####........######.# #.
###.#.####.# ..
#..........# ##
#......###.#
######....#.###.#
#.........#..##.#
#.#####.@.##.##.# #.#
#...##..#.# #.# #...###.#.#
#.# #...# #.#.# #.# #...#
#...# #[# #...# ##..# #.#
#...####..# #.# #........>#
#.# #.#.....###


You could see Joseph.

Vanquished Creatures
  A two-headed ogre (D:8)
  Prince Ribbit (D:5)
  Grum (D:8)
  2 steam dragons
  Menkaure (Ossuary)
  A water moccasin (D:7)
  4 orc warriors
  4 black bears
  A necrophage (D:5)
  3 sky beasts (D:7)
  2 wolves (D:8)
  4 ogres
  2 bullfrogs
  A kobold brigand (D:7)
  A wyvern zombie (D:7)
  4 scorpions
  A water moccasin zombie (D:6)
  A wyvern skeleton (D:5)
  5 centaur zombies
  2 jellies
  2 bullfrog zombies (D:5)
  3 orc priests
  A centaur skeleton (D:5)
  3 hounds
  A gnoll shaman (D:5)
  5 orc wizards
  A hound skeleton (D:4)
  3 mummies (Ossuary)
  Robin (D:2)
  8 gnolls
  A howler monkey skeleton (D:7)
  3 adders
  A river rat (D:3)
  A shadow imp (D:5)
  2 white imps
  An ufetubus (D:4)
  An adder skeleton (D:4)
  2 worms
  A dart slug (D:1)
  28 orcs
  6 bats
  7 endoplasms
  4 giant cockroaches
  3 gnoll zombies (Ossuary)
  7 goblins
  11 hobgoblins
  8 jackals
  5 kobolds
  3 quokkas
  6 ball pythons
  3 frilled lizards
  4 gnoll skeletons (Ossuary)
  4 goblin skeletons (Ossuary)
  4 goblin zombies (Ossuary)
  6 hobgoblin skeletons (Ossuary)
  6 hobgoblin zombies (Ossuary)
  3 kobold skeletons (Ossuary)
  4 kobold zombies (Ossuary)
  3 orc skeletons (Ossuary)
  6 orc zombies (Ossuary)
  5 rats
  5 rat skeletons (Ossuary)
  2 rat zombies (Ossuary)
  A fulminant prism (D:5)
227 creatures vanquished.

Vanquished Creatures (collateral kills)
  2 adders (D:5)
2 creatures vanquished.

Vanquished Creatures (others)
  19 fulminant prisms
19 creatures vanquished.

Grand Total: 248 creatures vanquished

Notes
Turn   | Place    | Note
-------+----------+-------------------------------------------
     0 | D:1      | mordus the Djinni Conjurer began the quest for the Orb.
     0 | D:1      | Reached XP level 1. HP: 15/15 MP: 0/0
   164 | D:1      | Found a faded altar of an unknown god.
   536 | D:1      | Reached XP level 2. HP: 19/22 MP: 0/0
   987 | D:1      | Reached XP level 3. HP: 24/26 MP: 0/0
   987 | D:1      | Learned a level 1 spell: Beastly Appendage
  1016 | D:1      | Reached skill level 1 in Fighting
  1865 | D:2      | Noticed Robin
  1870 | D:2      | Killed Robin
  1871 | D:2      | Reached XP level 4. HP: 22/32 MP: 0/0
  2327 | D:2      | Found a broken altar of Ashenzari.
  2992 | D:3      | Reached skill level 4 in Spellcasting
  3100 | D:3      | Found an iron altar of Okawaru.
  3100 | D:3      | Found a faded altar of an unknown god.
  3106 | D:3      | Found a basalt altar of Yredelemnul.
  3109 | D:3      | Found a faded altar of an unknown god.
  3110 | D:3      | Found a snail-covered altar of Cheibriados.
  3155 | D:3      | Found a glowing silver altar of Zin.
  3608 | D:3      | Reached XP level 5. HP: 21/38 MP: 0/0
  3608 | D:3      | Learned a level 2 spell: Blink
  3988 | D:4      | Found a transporter.
  4208 | D:4      | Found a transporter.
  4961 | D:4      | Reached XP level 6. HP: 42/44 MP: 0/0
  5145 | D:4      | Found a runed translucent door.
  5183 | D:4      | Noticed jejorda2's ghost (amateur MfBe)
  5293 | D:4      | Noticed a black bear
  5301 | D:4      | Killed a black bear
  5358 | D:4      | Found a hide-covered altar of Uskayaw.
  5527 | D:4      | Noticed a black bear
  5530 | D:4      | Killed a black bear
  5531 | D:4      | Reached skill level 5 in Spellcasting
  5531 | D:4      | Reached XP level 7. HP: 46/50 MP: 0/0
  5531 | D:4      | Learned a level 2 spell: Static Discharge
  5711 | D:5      | Entered Level 5 of the Dungeon
  5742 | D:5      | Found a sand-covered staircase.
  5916 | Ossuary  | Entered an ossuary
  6452 | Ossuary  | Reached XP level 8. HP: 53/58 MP: 0/0
  6715 | Ossuary  | Noticed Menkaure
  6720 | Ossuary  | Killed Menkaure
  6721 | Ossuary  | Reached skill level 5 in Dodging
  6879 | D:5      | Reached skill level 6 in Spellcasting
  7502 | D:5      | Found an opulent altar of Gozag.
  7507 | D:5      | Reached skill level 5 in Fighting
  7507 | D:5      | Reached XP level 9. HP: 57/65 MP: 0/0
  7507 | D:5      | Learned a level 3 spell: Vampiric Draining
  8084 | D:5      | Became a worshipper of Gozag Ym Sagoz the Greedy
  8147 | D:6      | Reached skill level 7 in Spellcasting
  8161 | D:6      | Found a staircase to the Ecumenical Temple.
  8321 | D:6      | Noticed Prince Ribbit
  8732 | D:6      | Upgraded the game from 0.27-a0-1557-g57f10a385c to
                  | 0.27-a0-1565-gad902ab807
  8753 | D:6      | HP: 3/66 [Prince Ribbit (4)]
  9088 | D:5      | Killed Prince Ribbit
  9328 | D:6      | Found a sparkling altar of Nemelex Xobeh.
  9624 | D:7      | Reached XP level 10. HP: 50/72 MP: 0/0
  9827 | D:7      | Reached skill level 8 in Spellcasting
 10279 | D:7      | Found a sacrificial altar of Ru.
 10394 | D:7      | Found a shimmering altar of Xom.
 10506 | D:8      | Noticed a two-headed ogre
 10529 | D:8      | Killed a two-headed ogre
 11042 | D:8      | Noticed Joseph
 11087 | D:8      | Noticed Grum
 11092 | D:8      | Killed Grum
 11093 | D:8      | Reached skill level 9 in Spellcasting
 11109 | D:8      | Found a runed translucent door.
 11115 | D:8      | Noticed hatdisgam's ghost (novice VSFi)
 11211 | D:8      | HP: 1/75 [Joseph/sling bullet (24)]
 11225 | D:8      | Shot with a sling bullet by Joseph

Illustrated notes

Levels and vault maps discovered:
D:1:      dpeg_arrival_water_temple_mockup, layout_basic,
          ebering_ecumenical_altar_webs
D:2:      layout_basic, basic_altar, uniq_robin
D:3:      layout_loops_ring, zin_academy, chequers_temple_overflow_minitemple,
          gup_sewer_entry_spiral
D:4:      gammafunk_steamed_eel, layout_layer_cave,
          lemuel_coloured_pillars_altar, ebering_ghost_inner_flame,
          chequers_serial_rivers_micro_d
D:5:      layout_rooms, lemuel_tele_altar, nicolae_ossuary_entry_ruins,
          kennysheep_small_circle
D:6:      layout_rooms, kennysheep_little_box, minmay_temple_entry_grid,
          uniq_prince_ribbit1
D:7:      layout_cave_pools, mainiacjoe_overflow_brackets,
          mainiacjoe_overflow_alcove_2, serial_park, serial_park_square1
          [serial_park_minivault_5x5_6], serial_park_tiny_pond,
          grunt_ministairs_4, minmay_door_square
D:8:      layout_basic, ebering_ghost_reflecting_pool, uniq_grum, uniq_joseph

Skill      XL: |  1  2  3  4  5  6  7  8  9 10 |
---------------+-------------------------------+-----
Fighting       | 1 2 3 5 6 7 |  7.5
Dodging        | 3 4 6 7 8 |  8.6
Spellcasting   | 4 5 6 7 9 |  9.0
Stealth        | |  1.5

Action                   |  1- 3 |  4- 6 |  7- 9 | 10-12 || total
-------------------------+-------+-------+-------+-------++-------
Melee: Unarmed           |       |     4 |     7 |       ||    11
 Cast: Magic Dart        |    63 |   105 |    67 |    17 ||   252
       Searing Ray       |     2 |     9 |    64 |    18 ||    93
       Blink             |       |     1 |     1 |       ||     2
       Fulminant Prism   |       |       |    13 |     7 ||    20
       Dazzling Flash    |       |       |     1 |       ||     1
       Iskenderun's Myst |       |       |     1 |     1 ||     2
  Use: Scroll            |       |       |     8 |       ||     8
       Potion            |       |       |       |     1 ||     1
 Stab: Sleeping          |       |     1 |       |       ||     1
Armor: Robe              |     2 |     5 |    18 |     7 ||    32
Dodge: Dodged            |     6 |    13 |    70 |    21 ||   110

Table legend: (Time is in decaauts)
 A = Elapsed time spent in this place.
 B = Non-inter-level travel time spent in this place.
 C = Inter-level travel time spent in this place.
 D = Time resting spent in this place.
 E = Time spent auto-exploring this place.
 F = Levels seen in this place.
 G = Mean time per level.
                   A        B        C        D        E       F      G
               +--------+--------+--------+--------+--------+-----+--------+
         Total |  11227 |  10943 |    284 |   2479 |   6744 |   9 | 1247.4 |
       Dungeon |  10383 |  10099 |    284 |   2030 |   6729 |   8 | 1297.9 |
       Ossuary |    843 |    843 |      0 |    449 |     15 |   1 |  843.0 |
               +--------+--------+--------+--------+--------+-----+--------+

Top non-repeatable levels by time:
     D:4: 1954 daAuts
     D:5: 1826 daAuts
     D:1: 1766 daAuts
     D:2: 1148 daAuts
     D:7: 1062 daAuts
     D:3: 1051 daAuts
     D:6: 845 daAuts
 Ossuary: 843 daAuts
     D:8: 729 daAuts
